 Dungeon Crawl Stone Soup version 0.27.1-3-gb3d3a73c9e (webtiles) character file.

Game seed: 10835131347862920047

49 raph the Digger (level 3, 0/20 HPs)
             Began as a Deep Elf Earth Elementalist on Oct 29, 2021.
             Succumbed to an orc's poison
             ... on level 2 of the Dungeon.
             The game lasted 00:03:38 (2290 turns).

raph the Digger (Deep Elf Earth Elementalist)       Turns: 2290, Time: 00:03:39

Health: 0/20       AC:  4    Str:  6    XL:     3   Next: 53%
Magic:  1/9        EV: 12    Int: 19    God:
Gold:   75         SH:  0    Dex: 15    Spells: 2/8 levels left

rFire    . . .     SeeInvis .   g - +2 whip (holy)
rCold    . . .     Faith    .   (no shield)
rNeg     . . .     Spirit   .   h - +0 leather armour
rPois    .         Reflect  .   (no helmet)
rElec    .         Harm     .   (no cloak)
rCorr    .         Rampage  .   f - +0 pair of gloves
Will     .....                  (no boots)
Stlth    ++........             (no amulet)
HPRegen  0.06/turn              (no ring)
MPRegen  0.11/turn              (no ring)

@: mighty, lethally poisoned (0 -> -9)
A: no striking features
a: no special abilities


You were on level 2 of the Dungeon.
You visited 1 branch of the dungeon, and saw 2 of its levels.

You collected 75 gold pieces.

Inventory:

Hand Weapons
 g - a +2 whip of holy wrath (weapon)
Missiles
 c - 5 stones
Armour
 b - a +0 robe
 f - a +0 pair of gloves (worn)
 h - a +0 leather armour (worn)
Scrolls
 i - a scroll of identify {unknown}
 k - a scroll of brand weapon {unknown}
 l - a scroll of teleportation {unknown}
Potions
 a - a potion of might
 d - 2 potions of curing {unknown}
 e - 2 potions of heal wounds {unknown}
 j - a potion of attraction {unknown}
 m - a potion of lignification {unknown}


   Skills:
 - Level 0.8 Fighting
 - Level 2.8 Dodging
 - Level 2.9 Stealth
 - Level 3.3 Spellcasting
 + Level 0.6 Conjurations
 - Level 1.1 Transmutations
 + Level 4.0 Earth Magic


You had 2 spell levels left.
You knew the following spells:

 Your Spells              Type           Power      Damage    Failure   Level
a - Sandblast             Erth           36%        2d10      4%          1
b - Passwall              Tmut/Erth      10%        N/A       12%         2
c - Stone Arrow           Conj/Erth      24%        3d8       26%         3

Your spell library contained the following spells:

 Spells                   Type           Power      Damage    Failure   Level
 Petrify                  Tmut/Erth      12%        N/A       61%         4


Dungeon Overview and Level Annotations

Branches:
Dungeon (2/15)

Altars:


Message History

Aim: a jackal (60% to hit)
The stone arrow misses the jackal.
The jackal bites you but does no damage.
The jackal closely misses you.
You hit the jackal.
The jackal is moderately wounded.
The jackal bites you. The jackal closely misses you.
You hit the jackal.
The jackal is severely wounded.
The jackal closely misses you.
You closely miss the jackal.
The jackal is severely wounded.
The jackal closely misses you. The jackal barely misses you.
You hit the jackal.
You kill the jackal!
An orc comes into view.
It is wielding a +2 short sword of venom.
Your magical contamination has completely faded away.
You see here a jackal corpse.
The orc hits you with a +2 short sword of venom.
You are poisoned.
You hit the orc.
The orc is heavily wounded.
You feel sick.
The orc hits you with a +2 short sword of venom.
You are lethally poisoned!
You feel very sick.
* * * LOW HITPOINT WARNING * * *
You feel very sick.
You see here a jackal corpse.
Aiming: Sandblast (safe; 4% risk of failure)
Press: ? - help, Q - select action, (/) - cycle Shift-Dir - straight line, f - orc
Aim: an orc, wielding a +2 short sword of venom (heavily wounded, 79% to hit)
The blast of sand hits the orc!
You kill the orc!
The jackal barks!
* * * LOW HITPOINT WARNING * * *
You feel very sick.
It was a potion of might.
You feel very mighty all of a sudden.
You die...

#...#.#>......†...
#...#.#.#########.
#...#...# #.
#...##### #. #...#
#. #######h..# ##
..........#
#####...# #@.P#
#)P.# #..## #..#
#.## #.# #)# ..#
...


You could see a jackal.

Vanquished Creatures
  3 worms (D:2)
  A dart slug (D:2)
  An orc (D:2)
  2 bats (D:1)
  2 endoplasms (D:1)
  2 giant cockroaches (D:1)
  5 goblins
  2 hobgoblins
  4 jackals
  3 ball pythons (D:1)
  4 frilled lizards
  4 kobolds
  3 rats
  A bush (D:2)
37 creatures vanquished.

Vanquished Creatures (others)
  A plant (D:2)
1 creature vanquished.

Grand Total: 38 creatures vanquished

Notes
Turn   | Place    | Note
-------+----------+-------------------------------------------
     0 | D:1      | raph the Deep Elf Earth Elementalist began the quest for
                  | the Orb.
     0 | D:1      | Reached XP level 1. HP: 10/10 MP: 6/6
   423 | D:1      | Reached XP level 2. HP: 15/15 MP: 6/8
   603 | D:1      | Learned a level 2 spell: Passwall
   890 | D:1      | Found a faded altar of an unknown god.
  1385 | D:2      | Reached XP level 3. HP: 20/20 MP: 6/9
  1615 | D:2      | Learned a level 3 spell: Stone Arrow
  2218 | D:2      | Reached skill level 4 in Earth Magic
  2290 | D:2      | Succumbed to an orc's poison

Illustrated notes

Levels and vault maps discovered:
D:1:      wander_arrival_chamber, layout_basic, basic_ecumenical_altar
D:2:      layout_basic, serial_forest, infiniplex_forest_clump_medium,
          infiniplex_forest_lined_3, infiniplex_forest_side_room,
          infiniplex_forest_clump_C, infiniplex_forest_clump_tiny,
          infiniplex_forest_straight_3, infiniplex_forest_end_1,
          uniq_crazy_yiuf_cottage

Skill      XL: |  1  2  3 |
---------------+----------+-----
Earth Magic    | 4 |  4.0
Fighting       | |  0.8
Dodging        | |  2.8
Stealth        | |  2.9
Spellcasting   | |  3.3
Conjurations   | |  0.6
Transmutations | |  1.1

Action                   || total
-------------------------++-------
Melee: Whip              ||   247
 Cast: Sandblast         ||    39
       Stone Arrow       ||     2
  Use: Potion            ||     1
 Stab: Sleeping          ||     1
Armor: Leather armour    ||     8
       Robe              ||     1
Dodge: Dodged            ||    39
